[Event "fics rated crazyhouse match"]
[Site "fics, Oklahoma City, OK USA"]
[Date "2000.03.06"]
[White "Eyefor"]
[WhiteElo "2303"]
[Black "Lomboc"]
[BlackElo "2162"]
[TimeControl "60+0"]
[Result "1-0"]

1. e4 d6 2. d4 Nf6 3. Nc3 Nc6 4. d5 Ne5 5. Bf4 Ng6 6. Bb5+ 
Bd7 7. Bxd7+ Qxd7 8. B@b5 c6 9. Bxc6 bxc6 10. P@g3 e6 11. dxe6 fxe6 
12. P@g5 Ng8 13. Nf3 P@c7 14. Bd2 B@a5 15. Na4 Bxd2+ 16. Qxd2 B@b5 17. Nc3 
Ba6 18. Nd4 B@e5 19. B@f1 Bxf1 20. Rxf1 Bxd4 21. Qxd4 B@e5 22. Qd2 N@c4 
23. Qc1 Bxc3+ 24. bxc3 Rb8 25. B@d3 N@b2 26. Bxc4 Nxc4 27. N@d2 B@b2 28. Nxc4 
Bxc1 29. Rxc1 Ne5 30. B@h5+ g6 31. Nxe5 dxe5 32. Rd1 Rb1 33. N@d3 Rxd1+ 
34. Bxd1 N@b2 35. R@b8+ R@d8 36. Rxd8+ Qxd8 37. B@f7+ Kxf7 38. Nxe5+ Ke7 39. Nxc6+ 
Kd6 40. Nxd8 
{Lomboc forfeits on time} 1-0

[Event "fics rated crazyhouse match"]
[Site "fics, Oklahoma City, OK USA"]
[Date "2000.03.06"]
[White "Lomboc"]
[WhiteElo "2157"]
[Black "Eyefor"]
[BlackElo "2308"]
[TimeControl "60+0"]
[Result "1-0"]

1. e4 e6 2. Nc3 d6 3. d4 Nf6 4. Nf3 d5 5. Bg5 dxe4 6. Nxe4 
P@f5 7. Bxf6 gxf6 8. Nxf6+ Qxf6 9. P@e5 Qg7 10. N@f6+ Kd8 11. d5 exd5 
12. Qxd5+ B@d7 13. Nxd7 Bb4+ 14. P@c3 Bxc3+ 15. bxc3 P@c6 16. B@f6+ Ke8 17. Bxg7 
{Eyefor forfeits on time} 1-0

[Event "fics rated crazyhouse match"]
[Site "fics, Oklahoma City, OK USA"]
[Date "2000.03.06"]
[White "liveZ"]
[WhiteElo "2404"]
[Black "Eyefor"]
[BlackElo "2297"]
[TimeControl "180+0"]
[Result "0-1"]

1. e4 Nf6 2. e5 Nd5 3. Nf3 e6 4. Nc3 Nc6 5. Ne4 Be7 6. d4 
Bb4+ 7. Bd2 Bxd2+ 8. Qxd2 B@b4 9. c3 Be7 10. Bb5 a5 11. Bxc6 dxc6 
12. N@h5 Rg8 13. B@c5 B@g6 14. Bxe7 Qxe7 15. Nxg7+ Rxg7 16. P@f6 B@f4 17. fxe7 
Bxd2+ 18. Nexd2 N@d3+ 19. Kf1 Nxe7 20. B@f6 P@e2+ 21. Kxe2 Nf4+ 22. Kd1 Q@e2+ 
23. Kc1 Nd3+ 24. Kb1 Nxf2+ 25. P@e4 Bxe4+ 26. Nxe4 P@c2+ 27. Kc1 Nd3# 
{liveZ checkmated} 0-1

[Event "fics rated crazyhouse match"]
[Site "fics, Oklahoma City, OK USA"]
[Date "2000.03.06"]
[White "Eyefor"]
[WhiteElo "2307"]
[Black "liveZ"]
[BlackElo "2390"]
[TimeControl "180+0"]
[Result "1-0"]

1. e4 e6 2. d4 Nc6 3. Be3 Nf6 4. Bd3 d5 5. e5 Ne4 6. Bxe4 
dxe4 7. Nd2 B@g6 8. N@g5 Bb4 9. c3 Qd5 10. cxb4 Nxb4 11. Qa4+ Nc6 
12. B@b3 Qd8 13. Rd1 Bd7 14. Ndxe4 Nxe5 15. dxe5 Bxa4 16. Bxa4+ P@c6 17. Rxd8+ 
Rxd8 18. N@f6+ Kf8 19. B@a3+ P@d6 20. P@e7+ Kxe7 21. exd6+ cxd6 22. Q@c7+ R@d7 
23. Bxd6# 
{liveZ checkmated} 1-0

[Event "fics rated crazyhouse match"]
[Site "fics, Oklahoma City, OK USA"]
[Date "2000.03.06"]
[White "liveZ"]
[WhiteElo "2377"]
[Black "Eyefor"]
[BlackElo "2317"]
[TimeControl "180+0"]
[Result "1-0"]

1. e4 e6 2. d4 Nf6 3. Bg5 Bb4+ 4. c3 Be7 5. Bxf6 Bxf6 6. Nf3 
B@h5 7. Be2 Bxf3 8. Bxf3 Nc6 9. O-O d6 10. B@a4 N@h4 11. e5 Nxf3+ 
12. Qxf3 B@d5 13. Qg3 dxe5 14. N@h5 P@e2 15. Re1 exd4 16. Nxg7+ Kf8 17. Nh5 
Rg8 18. P@g7+ Bxg7 19. Nxg7 Rxg7 20. B@h6 N@h5 21. Bxg7+ Nxg7 22. R@h8+ B@g8 
23. N@h6 Ne7 24. cxd4 Bxg2 25. P@f6 P@g5 26. Qxg5 Ngf5 27. fxe7+ Nxe7 28. P@f6 
{Eyefor forfeits on time} 1-0

[Event "fics rated crazyhouse match"]
[Site "fics, Oklahoma City, OK USA"]
[Date "2000.03.06"]
[White "Eyefor"]
[WhiteElo "2310"]
[Black "liveZ"]
[BlackElo "2386"]
[TimeControl "120+0"]
[Result "1-0"]

1. e4 e6 2. d4 Nf6 3. e5 Ne4 4. Nh3 Nc6 5. Qg4 d5 6. Bb5 
Bd7 7. Bxc6 Bxc6 8. Ng5 B@f5 9. Qh5 Nxg5 10. Bxg5 Bb4+ 11. Nc3 N@e7 
12. Qe2 a6 13. N@h5 Kd7 14. Nxg7 Bb5 15. Qd2 Bxc3 16. bxc3 N@e4 17. N@c5+ 
Nxc5 18. dxc5 N@e4 19. N@f6+ Nxf6 20. exf6 Nc6 21. P@e7 Qg8 22. Nxf5 exf5 
23. Qxd5+ N@d6 24. N@b6# 
{liveZ resigns} 1-0

[Event "fics rated crazyhouse match"]
[Site "fics, Oklahoma City, OK USA"]
[Date "2000.03.06"]
[White "liveZ"]
[WhiteElo "2374"]
[Black "Eyefor"]
[BlackElo "2320"]
[TimeControl "120+0"]
[Result "0-1"]

1. e4 Nf6 2. e5 Nd5 3. Nc3 e6 4. Nxd5 exd5 5. Nf3 Nc6 6. Bb5 
N@f4 7. O-O Nxg2 8. Kxg2 P@e4 9. d4 exf3+ 10. Kg1 N@h3+ 11. Kh1 Nxe5 
12. N@e3 P@e2 13. Bxe2 fxe2 14. dxe5 B@f3+ 15. P@g2 exd1=Q 16. Nxd1 Bxg2# 
{liveZ resigns} 0-1

[Event "fics rated crazyhouse match"]
[Site "fics, Oklahoma City, OK USA"]
[Date "2000.03.06"]
[White "Eyefor"]
[WhiteElo "2329"]
[Black "liveZ"]
[BlackElo "2363"]
[TimeControl "120+0"]
[Result "1-0"]

1. e4 e6 2. d4 d5 3. exd5 exd5 4. Bb5+ P@c6 5. Bd3 Nf6 6. Qe2+ 
Be7 7. P@e5 Ne4 8. Bxe4 dxe4 9. N@h5 Rg8 10. Qxe4 B@g6 11. Qe2 Bcf5 
12. Nxg7+ Rxg7 13. P@f6 Rg8 14. fxe7 Qxe7 15. B@c5 Qd7 16. P@h5 Be4 17. hxg6 
Bxg6 18. Nc3 N@h4 19. B@h3 Bf5 20. Ne4 Bxe4 21. Bxd7+ Kxd7 22. Q@e7+ Kc8 
23. Qxh4 Nd7 24. N@e7+ Kb8 
{liveZ resigns} 1-0

[Event "fics rated crazyhouse match"]
[Site "fics, Oklahoma City, OK USA"]
[Date "2000.03.06"]
[White "liveZ"]
[WhiteElo "2352"]
[Black "Eyefor"]
[BlackElo "2338"]
[TimeControl "120+0"]
[Result "1-0"]

1. e4 e6 2. d4 Nc6 3. d5 exd5 4. exd5 Qe7+ 5. Be2 Ne5 6. Nc3 
Nc4 7. Nf3 P@g4 8. Nd4 Nf6 9. O-O Nb6 10. Bg5 Qb4 11. Bxf6 gxf6 
12. Bxg4 Qxb2 13. N@e4 B@e5 14. P@e6 dxe6 15. dxe6 fxe6 16. Rb1 Qa3 17. Ndb5 
Qe7 18. P@c5 Nc4 19. P@d6 cxd6 20. cxd6 Bxd6 21. Nexd6+ Nxd6 22. Nxd6+ Qxd6 
23. Nb5 Qxd1 24. Rbxd1 N@h3+ 25. gxh3 P@g2 26. Nc7+ Kf7 27. Q@e8+ Kg7 28. P@h6+ 
Kxh6 29. Qh5+ Kg7 30. Ne8+ Kg8 31. B@f7# 
{Eyefor checkmated} 1-0

[Event "fics rated crazyhouse match"]
[Site "fics, Oklahoma City, OK USA"]
[Date "2000.03.06"]
[White "Eyefor"]
[WhiteElo "2330"]
[Black "liveZ"]
[BlackElo "2361"]
[TimeControl "120+0"]
[Result "0-1"]

1. d4 e6 2. Nc3 Bb4 3. Nf3 Nf6 4. Ng5 d5 5. Nxf7 Kxf7 6. P@e5 
Ne4 7. Bd2 Bxc3 8. bxc3 Nxf2 9. B@h5+ g6 10. Bxg6+ hxg6 11. P@e7 Qxe7 
12. Qc1 Ne4 13. a4 B@h4+ 14. g3 Bxg3+ 15. hxg3 Rxh1 16. B@g8+ Kxg8 17. e3 
P@g2 18. Ke2 B@c4+ 19. Kd1 gxf1=Q+ 20. Be1 P@e2# 
{Eyefor checkmated} 0-1

[Event "fics rated crazyhouse match"]
[Site "fics, Oklahoma City, OK USA"]
[Date "2000.03.06"]
[White "liveZ"]
[WhiteElo "2369"]
[Black "Eyefor"]
[BlackElo "2323"]
[TimeControl "120+0"]
[Result "1-0"]

1. e4 e6 2. d4 d6 3. Nf3 Nf6 4. Nc3 Nc6 5. Bb5 Ng4 6. d5 
exd5 7. exd5 P@d7 8. dxc6 dxc6 9. Be2 P@h3 10. Rg1 Nxf2 11. Kxf2 P@b4 
12. Ne4 hxg2 13. Rxg2 P@f5 14. Neg5 Qe7 15. Bd2 h6 16. Nh3 Qf6 17. P@d4 
Qe7 18. Bxb4 g5 19. P@e5 g4 20. exd6 cxd6 21. Bxd6 Qxd6 22. P@e5 Qb8 
23. N@f6+ Kd8 24. P@d6 Bxd6 25. exd6 Qxd6 26. B@e5 Qf8 27. P@c7+ Ke7 28. Nf4 
gxf3 29. N@g7 B@h4+ 30. Kg1 P@f2+ 31. Rxf2 Qxg7+ 32. P@g6 Bxf6 33. Bxf6+ Qxf6 
34. B@d8+ Rxd8 35. cxd8=Q+ Kxd8 36. Bxf3 Qxg6+ 37. Nxg6 N@h3+ 38. Kf1 N@e3+ 39. Ke2 
B@a6+ 40. P@d3 N@c3+ 41. bxc3 fxg6 42. R@f8+ N@e8 43. N@f7+ Kc7 44. Q@d8+ Kb8 
45. Rxe8 B@e6 46. Nd6 Bxd3+ 47. Qxd3 Nf4+ 48. Kxe3 a5 49. B@c7+ Ka7 50. Bb6+ 
Kb8 51. Qc7# 
{Eyefor checkmated} 1-0

[Event "fics rated crazyhouse match"]
[Site "fics, Oklahoma City, OK USA"]
[Date "2000.03.06"]
[White "Eyefor"]
[WhiteElo "2316"]
[Black "liveZ"]
[BlackElo "2377"]
[TimeControl "120+0"]
[Result "1-0"]

1. e4 e6 2. d4 Nc6 3. d5 exd5 4. exd5 Ne5 5. P@f4 Ng6 6. Nc3 
Bb4 7. Ne2 Nf6 8. Be3 d6 9. h4 Bg4 10. Qd4 P@c5 11. Qd3 Qe7 
12. Qb5+ Bd7 13. Qxb7 O-O 14. P@g5 Ne4 15. Qxc7 Rfc8 16. Qb7 a5 17. P@c6 
Nxc3 18. bxc3 Bxc3+ 19. Nxc3 P@d4 20. cxd7 Rd8 21. N@f5 Qe6 22. dxe6 fxe6 
23. Nxd6 
{liveZ resigns} 1-0

[Event "fics rated crazyhouse match"]
[Site "fics, Oklahoma City, OK USA"]
[Date "2000.03.06"]
[White "liveZ"]
[WhiteElo "2367"]
[Black "Eyefor"]
[BlackElo "2325"]
[TimeControl "120+0"]
[Result "1-0"]

1. e4 Nf6 2. e5 Nd5 3. Nc3 e6 4. Nf3 d6 5. d4 Nxc3 6. bxc3 
N@e4 7. Qd3 Nxf2 8. Kxf2 dxe5 9. Nxe5 P@d6 10. Nxf7 Qh4+ 11. P@g3 Qf6+ 
12. Qf3 P@b2 13. Bxb2 Qxf3+ 14. gxf3 Q@d2+ 15. Q@e2 Qxe2+ 16. Bxe2 Nc6 17. Nxh8 
Q@e7 18. P@f7+ Kd7 19. Q@e8+ Qxe8 20. fxe8=Q+ Kxe8 21. Q@f7+ Kd8 22. R@e8# 
{Eyefor checkmated} 1-0

[Event "fics rated crazyhouse match"]
[Site "fics, Oklahoma City, OK USA"]
[Date "2000.03.06"]
[White "Eyefor"]
[WhiteElo "2318"]
[Black "liveZ"]
[BlackElo "2374"]
[TimeControl "120+0"]
[Result "1-0"]

1. d4 e6 2. Nc3 Bb4 3. Bd2 Nf6 4. Nb1 Be7 5. Nf3 d5 6. Ne5 
Ne4 7. Nxf7 Kxf7 8. P@f3 Nf6 9. Bg5 Nc6 10. e3 Rf8 11. Bb5 Kg8 
12. Bxc6 bxc6 13. N@e5 B@b5 14. a4 Bca6 15. axb5 Bxb5 16. Bxf6 Bxf6 17. N@b7 
Qc8 18. Na5 B@b4+ 19. B@d2 Bxa5 20. Rxa5 P@e2 21. Qc1 Bxe5 22. dxe5 N@h4 
23. Rg1 N@c4 24. Rxb5 cxb5 25. Kxe2 Nxe5 26. Kd1 P@e4 27. B@d4 exf3 28. gxf3 
Nhxf3 29. Bxe5 P@e2+ 30. Kxe2 Nxg1+ 31. Qxg1 P@f3+ 32. Kd1 R@g6 33. N@e7+ Kf7 
34. Nxg6 hxg6 35. N@h4 N@h8 36. Nxf3 R@f5 37. R@c5 N@a6 38. Rxc7+ Nxc7 39. Bxc7 
Qxc7 40. N@g5+ Ke8 41. Nxe6 B@e4 42. Nxc7+ Kd7 43. Q@e6+ Kxc7 44. B@d6+ Kb7 
45. Qd7+ Ka6 46. B@b7# 
{liveZ resigns} 1-0

[Event "fics rated crazyhouse match"]
[Site "fics, Oklahoma City, OK USA"]
[Date "2000.03.06"]
[White "liveZ"]
[WhiteElo "2364"]
[Black "Eyefor"]
[BlackElo "2327"]
[TimeControl "120+0"]
[Result "0-1"]

1. e4 e6 2. d4 Nf6 3. Bg5 Bb4+ 4. c3 Be7 5. Bxf6 Bxf6 6. e5 
Bh4 7. Nf3 Bxf2+ 8. Kxf2 P@e4 9. B@h4 B@e7 10. Bxe7 Qxe7 11. B@f6 gxf6 
12. exf6 Qxf6 13. P@e5 B@h4+ 14. g3 P@c2 15. Qe2 Qxf3+ 16. Qxf3 exf3 17. Nd2 
N@g4+ 18. Kxf3 Rg8 19. P@f2 Q@f5+ 20. N@f4 B@d5+ 21. Ke2 Bxh1 22. Bh3 R@e4+ 
23. Nxe4 Qxe4+ 24. R@e3 Bf3+ 25. Kf1 Nxe3+ 26. fxe3 R@b1# 
{liveZ resigns} 0-1

[Event "fics rated crazyhouse match"]
[Site "fics, Oklahoma City, OK USA"]
[Date "2000.03.06"]
[White "Eyefor"]
[WhiteElo "2336"]
[Black "liveZ"]
[BlackElo "2355"]
[TimeControl "120+0"]
[Result "0-1"]

1. d4 e6 2. Nc3 Nf6 3. Bg5 Bb4 4. Bxf6 Qxf6 5. N@b5 Qd8 6. e4 
a6 7. a3 Ba5 8. Nxc7+ Qxc7 9. P@b4 Bb6 10. Nf3 Nc6 11. b5 Ne7 
12. bxa6 bxa6 13. P@c5 Ba5 14. Ng5 N@a4 15. Nxf7 Kxf7 16. P@d6 Nxc3 17. Qf3+ 
P@f5 18. bxc3 Qb7 19. N@g5+ Ke8 20. Bxa6 Qxa6 21. P@f7+ Kd8 22. dxe7+ Kxe7 
23. exf5 P@d2+ 24. Kxd2 N@c4+ 25. Kc1 B@b2+ 26. Kd1 Bxa1 27. P@d6+ Nxd6 28. cxd6+ 
Qxd6 29. N@g8+ Kd8 30. Nxe6+ dxe6 31. P@e7+ Qxe7 32. N@c6+ Kc7 33. Ncxe7 R@b1+ 
34. Ke2 Ba6+ 35. P@d3 Rxh1 36. Qxa8 B@g4+ 37. f3 R@e1+ 38. Kf2 N@d1+ 39. Kg3 
N@f1+ 40. Kxg4 h5+ 41. Kf4 P@g5+ 42. Kxg5 P@f6+ 43. Kh4 g5+ 44. fxg6 Rxh2+ 
45. P@h3 P@g5# 
{Eyefor checkmated} 0-1

[Event "fics rated crazyhouse match"]
[Site "fics, Oklahoma City, OK USA"]
[Date "2000.03.06"]
[White "liveZ"]
[WhiteElo "2363"]
[Black "Eyefor"]
[BlackElo "2328"]
[TimeControl "120+0"]
[Result "0-1"]

1. e4 Nf6 2. e5 Nd5 3. Nf3 e6 4. Bc4 Nf4 5. Rg1 d5 6. exd6 
Bxd6 7. P@e5 Bb4 8. c3 Be7 9. d4 Ng6 10. Nbd2 P@g4 11. Ne4 gxf3 
12. gxf3 Nc6 13. P@f6 gxf6 14. exf6 Bxf6 15. Nxf6+ Qxf6 16. B@g5 Qf5 17. Bd3 
P@d2+ 18. Bcxd2 Qxd3 19. P@c2 Qb5 20. Bf6 P@e2 21. Qc1 Rg8 22. P@d3 Qf5 
23. Bdg5 Qxf3 24. Qd2 N@h3 25. Rg3 Qxf2# 
{liveZ checkmated} 0-1

[Event "fics rated crazyhouse match"]
[Site "fics, Oklahoma City, OK USA"]
[Date "2000.03.06"]
[White "Eyefor"]
[WhiteElo "2337"]
[Black "liveZ"]
[BlackElo "2354"]
[TimeControl "120+0"]
[Result "1-0"]

1. e4 e6 2. d4 d5 3. exd5 exd5 4. Bb5+ Bd7 5. Qe2+ P@e4 6. P@e5 
Ne7 7. Nc3 Bxb5 8. Qxb5+ B@c6 9. Qf1 Nf5 10. B@g5 Be7 11. Bxe7 Qxe7 
12. B@c5 Qd8 13. Nge2 Nd7 14. Ng3 Nxg3 15. hxg3 Nxc5 16. dxc5 d4 17. N@f5 
B@f8 18. Nxe4 Bxe4 19. P@e7 Qxe7 20. Nxe7 Bxe7 21. Q@a4+ B@c6 22. N@b5 Bxb5 
23. Qfxb5+ Bc6 24. Qxc6+ bxc6 25. Qxc6+ N@d7 26. Qxa8+ N@b8 27. R@c8+ N@d8 28. Rxb8 
Nxc5 29. B@b5+ P@d7 30. Rxd8+ Bxd8 31. N@d6+ cxd6 32. N@c7+ Ke7 33. exd6+ Kxd6 
34. P@e5+ Kxe5 35. Qd5+ Kf6 36. Qg5# 
{liveZ checkmated} 1-0

[Event "fics rated crazyhouse match"]
[Site "fics, Oklahoma City, OK USA"]
[Date "2000.03.06"]
[White "liveZ"]
[WhiteElo "2346"]
[Black "Eyefor"]
[BlackElo "2345"]
[TimeControl "120+0"]
[Result "1-0"]

1. e4 Nf6 2. Nc3 d5 3. exd5 Nxd5 4. Nxd5 Qxd5 5. Nf3 Bg4 6. Be2 
e5 7. N@e3 Qe4 8. d3 Qa4 9. Nxe5 Qa5+ 10. Bd2 Qxe5 11. Nxg4 Qxb2 
12. B@c3 Qa3 13. P@h6 N@b2 14. hxg7 Bxg7 15. Bxg7 Nxd1 16. Bxh8 Nd7 17. R@g8+ 
N@f8 18. B@b4 Qxb4 19. Bxb4 B@e7 20. Bxe7 Nxf2 21. Nxf2 P@d2+ 22. Kd1 Q@f4 
23. N@g7+ Kxe7 24. B@g3 Qf6 25. Rb1 B@d5 26. P@e5 Qg5 27. P@f6+ Nxf6 28. exf6+ 
Qxf6 29. Nh5 Qxh8 30. Rxh8 Bxa2 31. N@f5+ Kd8 32. Q@e7+ Kc8 33. Q@d8# 
{Eyefor checkmated} 1-0

[Event "fics rated crazyhouse match"]
[Site "fics, Oklahoma City, OK USA"]
[Date "2000.03.06"]
[White "Eyefor"]
[WhiteElo "2337"]
[Black "liveZ"]
[BlackElo "2354"]
[TimeControl "120+0"]
[Result "1-0"]

1. e4 e6 2. d4 Nf6 3. e5 Ne4 4. Nh3 Nc6 5. Qg4 d5 6. Bb5 
Bd7 7. Bxc6 Bxc6 8. Ng5 B@f5 9. Qh5 Bg6 10. Qg4 Bb4+ 11. c3 Nxg5 
12. Bxg5 N@c2+ 13. Kd1 Nxa1 14. Bxd8 Rxd8 15. cxb4 B@h5 16. N@f6+ gxf6 17. N@g7+ 
Kd7 18. Nxh5 Ba4+ 19. B@b3 Nxb3 20. Nxf6+ Kc8 21. Q@a8+ B@b8 22. axb3 Bxb3+ 
23. Kd2 N@c4+ 24. Ke2 P@d3+ 25. Kf1 R@c1+ 26. B@e1 Rxb1 27. N@e7# 
{liveZ checkmated} 1-0

[Event "fics rated crazyhouse match"]
[Site "fics, Oklahoma City, OK USA"]
[Date "2000.03.06"]
[White "liveZ"]
[WhiteElo "2346"]
[Black "Eyefor"]
[BlackElo "2345"]
[TimeControl "120+0"]
[Result "0-1"]

1. e4 Nf6 2. e5 Nd5 3. Nf3 e6 4. d4 Bb4+ 5. Bd2 Nc6 6. Bc4 
Nf4 7. O-O Bxd2 8. Nbxd2 B@g4 9. B@g5 Qxg5 10. Nxg5 Bxd1 11. Nde4 Bxc2 
12. Nxf7 Bxe4 
{liveZ resigns} 0-1

[Event "fics rated crazyhouse match"]
[Site "fics, Oklahoma City, OK USA"]
[Date "2000.03.06"]
[White "Eyefor"]
[WhiteElo "2353"]
[Black "liveZ"]
[BlackElo "2338"]
[TimeControl "120+0"]
[Result "1-0"]

1. e4 e5 2. Bc4 Nc6 3. Nf3 Nf6 4. Bxf7+ Kxf7 5. Nc3 Bb4 6. P@b5 
B@h5 7. bxc6 dxc6 8. Nxe5+ Ke8 9. Qxh5+ Nxh5 10. B@f7+ Kf8 11. Bxh5 Qf6 
12. N@d7# 
{liveZ resigns} 1-0

[Event "fics rated crazyhouse match"]
[Site "fics, Oklahoma City, OK USA"]
[Date "2000.03.06"]
[White "liveZ"]
[WhiteElo "2330"]
[Black "Eyefor"]
[BlackElo "2361"]
[TimeControl "60+0"]
[Result "1-0"]

1. e4 Nf6 2. Nc3 d5 3. exd5 Nxd5 4. Nxd5 Qxd5 5. Nf3 Bg4 6. Be2 
e5 7. N@e3 Qe4 8. d3 Qa4 9. Nxg4 Qxg4 10. B@h3 Qb4+ 11. P@c3 Qe7 
12. O-O Nc6 13. d4 e4 14. Ne5 Nxe5 15. dxe5 Rd8 16. Qxd8+ Qxd8 17. R@c8 
Qxc8 18. Bxc8 N@c5 19. Bb5+ P@c6 20. Bxc6+ bxc6 21. P@d7+ Nxd7 22. Bxd7+ Kxd7 
23. e6+ fxe6 24. N@e5+ Kc8 25. Q@d7+ Kb7 26. Qxc6+ Kc8 27. P@d7+ Kd8 28. N@f7+ 
Ke7 29. d8=Q# 
{Eyefor checkmated} 1-0

[Event "fics rated crazyhouse match"]
[Site "fics, Oklahoma City, OK USA"]
[Date "2000.03.06"]
[White "Eyefor"]
[WhiteElo "2352"]
[Black "liveZ"]
[BlackElo "2339"]
[TimeControl "60+0"]
[Result "1-0"]

1. e4 e6 2. d4 Nc6 3. Be3 Nf6 4. Bd3 d5 5. e5 Ne4 6. Bxe4 
dxe4 7. Nc3 B@g6 8. N@g5 Bb4 9. Ne2 Bxc3+ 10. Nxc3 N@h4 11. Rg1 h6 
12. Ngxe4 Bxe4 13. Nxe4 Nf5 14. B@b5 N@d5 15. Bxc6+ bxc6 16. N@g4 B@e7 17. B@a4 
Bd7 18. P@c4 Nb6 19. Bb3 a5 20. c5 Nd5 21. Bxd5 cxd5 22. N@f6+ gxf6 
23. Nexf6+ Bxf6 24. Nxf6+ Kf8 25. P@b7 Rb8 26. B@a3 B@e7 27. Nxd7+ Qxd7 28. Bxh6+ 
Rxh6 29. P@a7 Rxb7 30. a8=Q+ B@c8 31. c6 Qxc6 32. Qxc8+ N@d8 33. Qxd8+ N@e8 
34. Bxe7+ Nxe7 35. N@d7+ Kg7 36. Qxe8 B@b4+ 37. N@d2 P@e3 38. Qg4+ Rg6 39. Qf8+ 
Kh7 40. Nf6+ Rxf6 41. Qgg7# 
{liveZ checkmated} 1-0

[Event "fics rated crazyhouse match"]
[Site "fics, Oklahoma City, OK USA"]
[Date "2000.03.06"]
[White "liveZ"]
[WhiteElo "2331"]
[Black "Eyefor"]
[BlackElo "2360"]
[TimeControl "60+0"]
[Result "1-0"]

1. e4 e6 2. d4 d5 3. exd5 exd5 4. Nf3 Nf6 5. Ne5 Be6 6. Nc3 
P@d6 7. Nf3 Nc6 8. Bb5 Ng4 9. P@a6 Qc8 10. axb7 Qxb7 11. P@a6 Qb6 
12. O-O P@b4 13. Bxc6+ Qxc6 14. Ne2 Qxa6 15. Bd2 P@a3 16. bxa3 bxa3 17. Rb1 
P@b7 18. P@b5 Qa4 19. N@g5 Bf5 20. Ng3 Qxc2 21. Re1+ B@e7 22. Qxc2 Bxc2 
23. Nxf7 P@e3 24. Bxe3 Bxb1 25. Nxh8 Nxe3 26. P@f7+ Kd7 27. P@c6+ bxc6 28. bxc6+ 
Kxc6 29. P@b5+ Kd7 30. Q@c6+ Kc8 31. R@e8+ R@d8 32. Rxd8+ Bxd8 33. Qxa8+ Q@b8 
34. Qxb8+ Kxb8 35. R@e8 Be7 36. Rxd8+ Bxd8 37. B@c6 P@b7 38. Bxb7 Kxb7 39. Q@c6+ 
Kc8 40. R@a8+ B@b8 41. P@d7# 
{Eyefor checkmated} 1-0

[Event "fics rated crazyhouse match"]
[Site "fics, Oklahoma City, OK USA"]
[Date "2000.03.06"]
[White "Eyefor"]
[WhiteElo "2351"]
[Black "liveZ"]
[BlackElo "2340"]
[TimeControl "60+0"]
[Result "1-0"]

1. e4 e6 2. d4 Nc6 3. Be3 Nf6 4. Bd3 d6 5. Nc3 e5 6. d5 
Nd4 7. Bxd4 exd4 8. Bb5+ B@d7 9. Qxd4 Bxb5 10. Nxb5 B@e5 11. Qc4 c6 
12. N@c7+ Kd7 13. dxc6+ bxc6 14. Qxf7# 
{liveZ resigns} 1-0

[Event "fics rated crazyhouse match"]
[Site "fics, Oklahoma City, OK USA"]
[Date "2000.03.06"]
[White "liveZ"]
[WhiteElo "2332"]
[Black "Eyefor"]
[BlackElo "2359"]
[TimeControl "60+0"]
[Result "0-1"]

1. e4 Nf6 2. e5 Nd5 3. Bc4 e6 4. Nf3 Nf4 5. Rg1 d5 6. d4 
Nxg2+ 7. Rxg2 dxc4 8. Bg5 P@f6 9. exf6 gxf6 10. Bxf6 Qxf6 11. P@e5 B@a5+ 
12. Nc3 Bxc3+ 13. bxc3 Qf5 14. Nh4 Qe4+ 15. P@e3 Qxh4 16. N@f6+ Kd8 17. B@g5 
Qh3 18. Nxh7+ P@e7 19. Qf3 Qxf3 
{liveZ resigns} 0-1

[Event "fics rated crazyhouse match"]
[Site "fics, Oklahoma City, OK USA"]
[Date "2000.03.06"]
[White "Eyefor"]
[WhiteElo "2366"]
[Black "liveZ"]
[BlackElo "2325"]
[TimeControl "60+0"]
[Result "1-0"]

1. e4 e6 2. d4 d5 3. exd5 exd5 4. Bb5+ Bd7 5. Qe2+ P@e4 6. P@e5 
Bxb5 7. Qxb5+ B@c6 8. Qe2 Bb4+ 9. B@c3 Be7 10. Qg4 Kf8 11. e6 fxe6 
12. Qxe6 Nf6 13. P@h6 Rg8 14. hxg7+ Kxg7 15. P@e5 Ne8 16. Ne2 Bd7 17. Qxd5 
Nc6 18. P@f7 P@e6 19. fxe8=N+ Qxe8 20. Qxe4 P@f5 21. Qf3 P@g4 22. P@f6+ Kh8 
23. Qf4 Bf8 24. Nd2 Qf7 25. Nc4 Nd8 26. Qd2 Bc6 27. Ne3 b5 28. Nf4 
a5 29. Bxa5 Rxa5 30. P@g7+ Bxg7 31. fxg7+ Rxg7 32. Qxa5 Bxg2 33. Nfxg2 P@f3 
34. N@d6 fxg2 35. Nxf7+ Rxf7 36. R@e8+ B@g8 37. Rxg8+ Kxg8 38. Q@g5+ P@g6 39. Qxd8+ 
N@f8 40. N@h6+ Kg7 41. B@f6+ Kxh6 42. Nxf5+ Kh5 43. Ng3# 
{liveZ checkmated} 1-0

[Event "fics rated crazyhouse match"]
[Site "fics, Oklahoma City, OK USA"]
[Date "2000.03.06"]
[White "LordPixel"]
[WhiteElo "2533"]
[Black "Eyefor"]
[BlackElo "2373"]
[TimeControl "0+1"]
[Result "1-0"]

1. d4 e6 2. Nc3 d6 3. e4 Nf6 4. Bb5+ Bd7 5. Bg5 e5 6. Bxf6 
Qxf6 7. N@d5 Qd8 8. dxe5 dxe5 9. P@e6 fxe6 10. Qh5+ P@f7 11. Qxe5 P@d6 
12. P@e7 dxe5 13. exd8=Q+ Kxd8 14. Q@g5+ Kc8 15. Nxc7 Kxc7 16. Qxe5+ B@d6 17. Qh5 
N@b4 18. Rc1 P@d2+ 19. Kxd2 Q@d4+ 20. Ke1 Nxa2 21. Nf3 Qb4 22. Bxd7 Nxc1 
23. B@a5+ Kxd7 24. Bxb4 B@g6 25. Qb5+ Kc7 26. Bxd6+ Bxd6 27. P@e5 B@c5 28. exd6+ 
Bxd6 29. P@e5 Be7 30. B@a5+ P@b6 31. Bxb6+ axb6 32. P@d6+ Bxd6 33. exd6+ Kxd6 
34. B@e5+ Ke7 35. Q@d6# 
{Eyefor checkmated} 1-0

[Event "fics rated crazyhouse match"]
[Site "fics, Oklahoma City, OK USA"]
[Date "2000.03.06"]
[White "Eyefor"]
[WhiteElo "2368"]
[Black "LordPixel"]
[BlackElo "2581"]
[TimeControl "0+1"]
[Result "1-0"]

1. d4 e6 2. Nc3 d6 3. e4 Nf6 4. Nf3 Nc6 5. Bb5 Be7 6. Bxc6+ 
bxc6 7. N@g5 B@b4 8. Bd2 Bxc3 9. Bxc3 N@f4 10. B@h3 Nxe4 11. Nxe4 P@e2 
12. Qd2 Nxh3 13. N@h5 B@h6 14. Qxe2 Nf4 15. Nxf4 Bxf4 16. N@h5 Bh6 17. P@g5 
Bexg5 18. Nfxg5 Bxg5 19. Nxg7+ Kf8 20. Qg4 Rg8 21. Qxg5 Qxg5 22. Nxg5 Rxg7 
23. Q@d8+ N@e8 24. P@e7+ Kg8 25. Qxe8+ N@f8 26. exf8=Q# 
{LordPixel checkmated} 1-0

[Event "fics rated crazyhouse match"]
[Site "fics, Oklahoma City, OK USA"]
[Date "2000.03.06"]
[White "LordPixel"]
[WhiteElo "2469"]
[Black "Eyefor"]
[BlackElo "2380"]
[TimeControl "0+1"]
[Result "1-0"]

1. e4 Nf6 2. Nc3 d5 3. exd5 Nxd5 4. d4 e6 5. Nxd5 exd5 6. Nf3 
Nc6 7. Be2 P@h3 8. N@f4 hxg2 9. Nxg2 P@h3 10. Nf4 N@g2+ 11. Nxg2 hxg2 
12. Rg1 N@h4 13. N@g5 Nxf3+ 14. Nxf3 N@h4 15. N@c3 Nxf3+ 16. Bxf3 N@b4 17. N@e3 
Nxc2+ 18. Nxc2 P@e4 19. Bxg2 Bf5 20. Ne3 Be6 21. P@f5 Bd7 22. N@f4 Ne7 
23. P@e6 fxe6 24. fxe6 Bxe6 25. Nxe6 Qd6 26. Ncxd5 Nxd5 27. Nxd5 N@d3+ 28. Qxd3 
exd3 29. Nexc7+ Kf7 30. N@g5+ Kg6 31. B@f7+ Kf5 32. Be4# 
{Eyefor checkmated} 1-0

[Event "fics rated crazyhouse match"]
[Site "fics, Oklahoma City, OK USA"]
[Date "2000.03.06"]
[White "Eyefor"]
[WhiteElo "2374"]
[Black "LordPixel"]
[BlackElo "2515"]
[TimeControl "0+1"]
[Result "0-1"]

1. e4 e6 2. d4 d6 3. Nf3 Nf6 4. Bd3 Nc6 5. c3 e5 6. d5 
Nb8 7. h3 Nbd7 8. Ng5 Nc5 9. Be3 Nxd3+ 10. Qxd3 h6 11. Nxf7 Kxf7 
12. P@e6+ Kg8 13. N@f7 Qe7 14. Nxd6 Qxd6 15. P@f7+ Kh7 16. Bxa7 Rxa7 17. P@c2 
N@c5 18. Qf3 Nfxe4 19. b4 N@h4 20. Qg4 P@g3 21. Qxh4 gxf2+ 22. Kf1 B@c4+ 
23. N@e2 B@d1 24. Qxf2 Nxf2 25. bxc5 Bdxe2+ 26. Ke1 Q@c1+ 27. N@d1 Qxd1+ 28. Kxf2 
N@e4+ 29. Ke3 P@d4+ 30. cxd4 Qxd4# 
{Eyefor checkmated} 0-1

[Event "fics rated crazyhouse match"]
[Site "fics, Oklahoma City, OK USA"]
[Date "2000.03.06"]
[White "LordPixel"]
[WhiteElo "2548"]
[Black "Eyefor"]
[BlackElo "2369"]
[TimeControl "0+1"]
[Result "0-1"]

1. e4 e6 2. d4 d5 3. exd5 exd5 4. Bb5+ c6 5. Qe2+ Qe7 6. Bf4 
cxb5 7. P@c7 B@b4+ 8. Nd2 Bxd2+ 9. Bxd2 Nc6 10. Qxe7+ Ngxe7 11. B@e2 Q@e4 
12. Nf3 Qxc2 13. Bxb5 Qe4+ 14. Kf1 Bh3 15. Q@g3 P@g4 16. Bxc6+ Nxc6 17. P@d7+ 
Kxd7 18. N@e5+ Ke8 19. Re1 B@b5+ 20. Nc4 Bxc4+ 21. Kg1 Qxe1+ 22. Bxe1 R@f1# 
{LordPixel checkmated} 0-1